 Dungeon Crawl Stone Soup version 0.22-a0-135-g6f012ad (webtiles) character file.

154 sankara the Grave Robber (level 5, -1/35 HPs)
             Began as a Demonspawn Necromancer on Feb 1, 2018.
             Slain by a slave (5 damage)
             ... led by Pikel
             ... on level 4 of the Dungeon.
             The game lasted 00:18:36 (3099 turns).

sankara the Grave Robber (Demonspawn Necromancer)   Turns: 3099, Time: 00:18:36

Health: -1/35      AC:  2    Str:  9    XL:     5   Next: 13%
Magic:  0/10       EV: 12    Int: 16    God:
Gold:   139        SH:  5    Dex: 16    Spells: 2/10 levels left

rFire    . . .     SeeInvis .   a - +2 short sword (drain)
rCold    . . .     Gourm    .   A - +1 buckler
rNeg     . . .     Faith    .   m - +0 robe
rPois    .         Spirit   +   (helmet restricted)
rElec    .         Reflect  .   (no cloak)
rCorr    .         Harm     .   (no gloves)
MR       .....                  (no boots)
Stlth    +.........             (no amulet)
HPRegen  1.11/turn              (no ring)
MPRegen  0.12/turn              (no ring)

@: regenerating (expiring), glowing
A: antennae 2, thin skeletal structure 1, magic shield
a: no special abilities


You were on level 4 of the Dungeon.
You were hungry.

You visited 1 branch of the dungeon, and saw 4 of its levels.

You collected 139 gold pieces.

Inventory:

Hand Weapons
 a - a +2 short sword of draining (weapon)
 b - a +1 whip of draining
 t - a cursed -3 whip
Missiles
 k - 87 stones (quivered)
 w - 49 sling bullets
Armour
 m - a +0 robe (worn)
 q - a +0 shield
 A - a +1 buckler (worn)
Scrolls
 e - 2 scrolls of magic mapping
 f - a scroll of fear
 i - 3 scrolls of remove curse
 x - 2 scrolls of teleportation
 z - 2 scrolls of identify
Potions
 g - a potion of mutation {unknown}
 j - a potion of agility {unknown}
 n - a potion of ambrosia {unknown}
 p - 3 potions of magic {unknown}
 v - a potion of brilliance {unknown}
 B - a potion of cancellation {unknown}
 C - a potion of flight {unknown}
Books
 o - a book of Necromancy

   Spells                             Type                      Level
   a - Pain                           Necromancy                   1
   b - Animate Skeleton               Necromancy                   1
   c - Vampiric Draining              Necromancy                   3
   d - Regeneration                   Charms/Necromancy            3
   e - Animate Dead                   Necromancy                   4
Comestibles
 c - 8 rations
 h - a chunk of flesh


   Skills:
 - Level 1.7 Dodging
 + Level 2.4 Stealth
 + Level 0.8 Shields
 + Level 3.4 Spellcasting
 + Level 5.6 Necromancy


You had 2 spell levels left.
You knew the following spells:

 Your Spells              Type           Power        Failure   Level  Hunger
a - Pain                  Necr           ###.         2%          1    None
b - Animate Skeleton      Necr           N/A          2%          1    None
c - Vampiric Draining     Necr           ###.......   8%          3    ###....
d - Regeneration          Chrm/Necr      ##........   24%         3    ###....


Dungeon Overview and Level Annotations

Branches:
Dungeon (4/15)
 Temple: D:4-7

Altars:
Kikubaaqudgha

Annotations:
D:4 Pikel


Innate Abilities, Weirdness & Mutations

You have a pair of antennae on your head.
You have a somewhat thin skeletal structure. (Dex +2, Stealth)
When hurt, damage is shared between your health and your magic reserves.


Message History

You hit Pikel but do no damage.
Pikel is heavily wounded.
Pikel completely misses you. The slave hits you. x2
A slave comes into view.
The slave shouts!
You hit Pikel.
Pikel is severely wounded.
You block Pikel's attack. The slave hits you but does no damage.
The slave closely misses you. You block Pikel's attack.
You hit Pikel.
Pikel is severely wounded.
The slave barely misses you. The slave completely misses you.
Pikel hits you with a whip of flaming!
* * * LOW HITPOINT WARNING * * *
Pikel burns you.
* * * LOW HITPOINT WARNING * * *
You barely miss Pikel.
Pikel is severely wounded.
The slave hits you but does no damage. The slave hits you.
You die...

.#≈≈ ≈.. ###
##.≈#+#≈p
#..####...'_'.
#...#....≈#'#≈#
#...#.p≈≈.≈≈#
#....†# ##..p## ..##
##pK# #.... #p@#
#... ##.## #..#
#.#######..######..
...#
#..................
...#
#..................
...#
##..######..######..
...## #...# #..##
....# #...# #..#
....###...#####.##


You could see Pikel and 4 slaves.

Vanquished Creatures
  5 gnolls (D:4)
  2 adders
  3 oozes
  A worm (D:2)
  3 dart slugs
  3 leopard geckos
  An orc (D:3)
  7 bats
  A giant cockroach (D:1)
  10 goblins
  6 hobgoblins
  2 ball pythons
  7 frilled lizards
  9 kobolds
  5 rats
65 creatures vanquished.

Vanquished Creatures (collateral kills)
  A dart slug (D:1)
  A ball python (D:2)
  A hobgoblin (D:1)
  A goblin (D:2)
4 creatures vanquished.

Grand Total: 69 creatures vanquished

Notes
Turn   | Place    | Note
-------+----------+-------------------------------------------
     0 | D:1      | sankara the Demonspawn Necromancer began the quest for the Orb.
     0 | D:1      | Reached XP level 1. HP: 13/13 MP: 3/3
   141 | D:1      | Learned a level 1 spell: Animate Skeleton
   297 | D:1      | Gained mutation: You have a pair of small antennae on your head. [demonic ancestry]
   297 | D:1      | Reached XP level 2. HP: 17/19 MP: 0/5
   938 | D:1      | Reached skill level 5 in Necromancy
   938 | D:1      | Gained mutation: You have a somewhat thin skeletal structure. (Dex +2, Stealth) [demonic ancestry]
   938 | D:1      | Reached XP level 3. HP: 23/24 MP: 4/7
  1358 | D:1      | Learned a level 3 spell: Vampiric Draining
  1682 | D:2      | Learned a level 3 spell: Regeneration
  1955 | D:2      | Gained mutation: You have a pair of antennae on your head. [demonic ancestry]
  1955 | D:2      | Reached XP level 4. HP: 30/30 MP: 8/8
  3051 | D:4      | Gained mutation: When hurt, damage is shared between your health and your magic reserves. [demonic ancestry]
  3051 | D:4      | Reached XP level 5. HP: 28/35 MP: 6/10
  3081 | D:4      | Found an ancient bone altar of Kikubaaqudgha.
  3082 | D:4      | Noticed Pikel
  3082 | D:4      | Noticed a slave
  3082 | D:4      | Noticed a slave
  3086 | D:4      | Noticed a slave
  3097 | D:4      | Noticed a slave
  3099 | D:4      | Slain by a slave

Vault maps used:
D:1:      dpeg_arrival_concentric_ovals, nrook_mini_vaults
D:2:      first_ration, hex_tiny
D:3:      serial_corexii_hall, corexii_hall_statues_deadend,
          corexii_hall_statues_x
D:4:      kennysheep_mini_moat, minmay_temple_entry_enclosed_plants, uniq_pikel

Skill      XL: |  1  2  3  4 |
---------------+-------------+-----
Necromancy     | 5 |  5.6
Spellcasting   | 3 |  3.4
Stealth        | 2 |  2.4
Dodging        | |  1.7
Shields        | |  0.8

Action                   |  1- 3 |  4- 6 || total
-------------------------+-------+-------++-------
Melee: Unarmed           |     3 |       ||     3
       Whip              |    31 |    40 ||    71
       Dagger            |     2 |     1 ||     3
       Short sword       |       |    22 ||    22
Throw: Stone             |     3 |       ||     3
 Cast: Pain              |    59 |    14 ||    73
       Animate Skeleton  |    12 |     7 ||    19
       Regeneration      |     1 |     8 ||     9
       Vampiric Draining |       |     1 ||     1
  Use: Scroll            |       |    10 ||    10
       Potion            |       |     1 ||     1
 Stab: Sleeping          |     5 |     2 ||     7
  Eat: Chunk             |     4 |     4 ||     8
Armor: Robe              |     9 |    12 ||    21
Dodge: Dodged            |    33 |    40 ||    73
Block: Buckler           |       |    15 ||    15

Table legend:
 A = Spawn XP
 B = Non-spawn XP
 C = Spawn XP percentage of total XP
 D = Spawn monster count
 E = Non-spawn monster count
 F = Spawn count percentage of total count
 G = Total turns spent on level
                    A         B        C        D         E        F      G
               +---------+---------+-------+---------+---------+-------+---------
         Total |       0 |     220 |   0.0 |       0 |      69 |   0.0 |  3099
               +---------+---------+-------+---------+---------+-------+---------
           D:1 |       0 |      61 |   0.0 |       0 |      32 |   0.0 |  1555
           D:2 |       0 |      69 |   0.0 |       0 |      25 |   0.0 |   807
           D:3 |       0 |      13 |   0.0 |       0 |       6 |   0.0 |   618
           D:4 |       0 |      77 |   0.0 |       0 |       6 |   0.0 |   119
               +---------+---------+-------+---------+---------+-------+---------
